 Dungeon Sprint DCSS version 0.27-a0-597-g524d869a0f (webtiles) character file.

Game seed: 17849727319326275890

396 mhtbhm the Protected (level 6, -13/63 HPs)
             Began as a Deep Dwarf Fighter on Mar 12, 2021.
             Was a Priest of Trog.
             Mangled by an ogre
             ... wielding a +0 giant club
              (19 damage)
             ... in the Dungeon (Sprint VII: "The Pits").
             The game lasted 00:00:57 (698 turns).

mhtbhm the Protected (Deep Dwarf Fighter)            Turns: 698, Time: 00:00:58

Health: -13/63     AC: 16    Str: 21    XL:     6   Next: 52%
Magic:  6/6        EV:  6    Int:  9    God:    Trog [***...]
Gold:   0          SH: 11    Dex: 12    Spells: 5/5 levels left

rFire    . . .     SeeInvis .   a - +2 hand axe (freeze)
rCold    . . .     Faith    .   c - +0 kite shield
rNeg     . . .     Spirit   .   b - +2 plate armour
rPois    .         Reflect  .   (no helmet)
rElec    .         Harm     .   (no cloak)
rCorr    .         Rampage  .   (no gloves)
Will     .....     NoTele   +   (no boots)
Stlth    ..........             (no amulet)
HPRegen  0.00/turn              (no ring)
MPRegen  0.10/turn              (no ring)

@: non-regenerating
A: damage resistance, heal wounds, sense surroundings 1, no regeneration
a: Heal Wounds, Renounce Religion, Berserk, Trog's Hand


You were in the Dungeon.
You worshipped Trog.
Trog was most pleased with you.
You visited 1 branch

Inventory:

Hand Weapons
 a - a +2 hand axe of freezing (weapon)
Armour
 b - a +2 plate armour (worn)
 c - a +0 kite shield (worn)
Scrolls
 j - a scroll of blinking
 l - a scroll of summoning
Potions
 d - a potion of might
 e - 6 potions of curing
 f - 6 potions of heal wounds
 g - a potion of haste
 h - 4 potions of magic
 i - 3 potions of berserk rage
 k - 2 potions of invisibility


   Skills:
 + Level 6.9 Fighting
 + Level 6.0 Axes
 + Level 9.3 Armour
 + Level 1.5 Dodging
 + Level 9.0 Shields


You had 5 spell levels left.
You didn't know any spells.
Your spell library was empty.

Dungeon Overview and Level Annotations

Branches:
Dungeon (1/1)

Altars:
Ashenzari
Cheibriados
Dithmenos
Elyvilon
Fedhas
Gozag
Hepliaklqana
Kikubaaqudgha
Makhleb
Nemelex Xobeh
Okawaru
Qazlal
Ru
Sif Muna
Trog
Uskayaw
Vehumet
Wu Jian
Xom
Yredelemnul
Zin
The Shining One
Beogh
Jiyva
Lugonu


Innate Abilities, Weirdness & Mutations

You are resistant to damage.
You can heal yourself by infusing magical energy.
You passively map a small area around you.
You do not regenerate.


Message History

The wolf bites you. The wolf bites you but does no damage.
You hit the wolf. You freeze the wolf.
The wolf is heavily wounded.
You block the wolf's attack. The wolf bites you but does no damage.
Unknown command.
You fail to use your ability.
The wolf barely misses you.
You hit the wolf. You freeze the wolf.
The wolf is almost dead.
You block the wolf's attack. x2
You closely miss the wolf.
The wolf is almost dead.
The wolf bites you but does no damage. You block the wolf's attack.
The wolf bites you but does no damage.
You completely miss the wolf.
The wolf is almost dead.
The wolf bites you but does no damage. The wolf bites you.
You hit the wolf. You freeze the wolf.
You kill the wolf!
Trog accepts your kill.
Your Axes skill increases to level 6!
Your Armour skill increases to level 9!
Your Shields skill increases to level 9!
You hit the ogre. You freeze the ogre.
The ogre is lightly wounded.
The ogre closely misses you.
You barely miss the ogre.
The ogre is lightly wounded.
The ogre barely misses you.
You barely miss the ogre.
The ogre is lightly wounded.
You block the ogre's attack.
You hit the ogre. You freeze the ogre.
The ogre is moderately wounded.
You barely miss the ogre.
The ogre is moderately wounded.
The ogre hits you with a +0 giant club!!
* * * LOW HITPOINT WARNING * * *
You hit the ogre. You freeze the ogre.
The ogre is moderately wounded.
The ogre hits you with a +0 giant club!!
You die...

#.#..).....##.....
#.#........##.....
#'###########.....
#.......# ######
#..#.#..#
#.##.##.# ,
#.......# , ,,
#O##.##.# #@.# #,,
, #.......+ ,
#########


You could see an ogre.

Vanquished Creatures
  A floating eye (D)
  A necrophage (D)
  A wolf (D)
  A bullfrog (D)
  A quasit (D)
  3 river rats (D)
  A hobgoblin (D)
  2 jackals (D)
  A quokka (D)
  A ball python (D)
  2 kobolds (D)
15 creatures vanquished.

Notes
Turn   | Place    | Note
-------+----------+-------------------------------------------
     0 | D        | mhtbhm the Deep Dwarf Fighter began the quest for the Orb.
     0 | D        | Reached XP level 1. HP: 20/20 MP: 1/1
     8 | D        | Noticed a floating eye
    11 | D        | Killed a floating eye
    12 | D        | Reached skill level 5 in Fighting
    12 | D        | Reached XP level 2. HP: 32/32 MP: 2/2
    12 | D        | Reached XP level 3. HP: 39/39 MP: 3/3
    12 | D        | Reached XP level 4. HP: 46/46 MP: 4/4
    16 | D        | Found a bloodstained altar of Trog.
    16 | D        | Found a shimmering blue altar of Sif Muna.
    16 | D        | Found a viscous altar of Jiyva.
    16 | D        | Found a hazy altar of Hepliaklqana.
    16 | D        | Found an opulent altar of Gozag.
    17 | D        | Found a glowing golden altar of the Shining One.
    17 | D        | Found a glowing silver altar of Zin.
    17 | D        | Found a basalt altar of Yredelemnul.
    17 | D        | Found a shimmering altar of Xom.
    17 | D        | Found an ornate altar of the Wu Jian Council.
    17 | D        | Found a sacrificial altar of Ru.
    17 | D        | Found a stormy altar of Qazlal.
    17 | D        | Found an iron altar of Okawaru.
    17 | D        | Found a sparkling altar of Nemelex Xobeh.
    17 | D        | Found a burning altar of Makhleb.
    17 | D        | Found a blossoming altar of Fedhas.
    17 | D        | Found a white marble altar of Elyvilon.
    17 | D        | Found a shadowy altar of Dithmenos.
    17 | D        | Found a snail-covered altar of Cheibriados.
    19 | D        | Found a radiant altar of Vehumet.
    19 | D        | Found a corrupted altar of Lugonu.
    21 | D        | Became a worshipper of Trog the Wrathful
    23 | D        | Found a hide-covered altar of Uskayaw.
    23 | D        | Found an ancient bone altar of Kikubaaqudgha.
    23 | D        | Found a broken altar of Ashenzari.
   279 | D        | Reached * piety under Trog
   582 | D        | Reached ** piety under Trog
   649 | D        | Noticed a necrophage
   650 | D        | Noticed a bullfrog
   664 | D        | Killed a necrophage
   664 | D        | Reached *** piety under Trog
   665 | D        | Reached skill level 1 in Dodging
   665 | D        | Reached XP level 5. HP: 31/55 MP: 5/5
   672 | D        | Reached skill level 5 in Axes
   672 | D        | Reached XP level 6. HP: 34/63 MP: 6/6
   698 | D        | Mangled by an ogre

Illustrated notes

Levels and vault maps discovered:
D:        pitsprint [storerooms_1, entrance_room_1, metal_vault_6, armoury_3,
          mini_pit_1, grid_room_1, main_hall_1, silver_pit, the_coven_3,
          the_vestibule_1, steel_vault_1, golden_pit, hallway_of_sentries,
          crystal_vault_4, iron_vault_3, final_vault]

Skill      XL: |  1  2  3  4  5  6 |
---------------+-------------------+-----
Fighting       | 5 6 |  6.9
Axes           | 3 4 5 6 |  6.0
Armour         | 6 8 9 |  9.3
Shields        | 6 7 8 9 |  9.0
Dodging        | 1 |  1.5

Action                   |  1- 3 |  4- 6 || total
-------------------------+-------+-------++-------
Melee: War axe           |     2 |       ||     2
       Hand axe          |       |    65 ||    65
Armor: Plate armour      |       |    41 ||    41
       Scale mail        |       |     5 ||     5
Dodge: Dodged            |       |    17 ||    17
Block: Kite shield       |       |    40 ||    40

Table legend: (Time is in decaauts)
 A = Elapsed time spent in this place.
 B = Non-inter-level travel time spent in this place.
 C = Inter-level travel time spent in this place.
 D = Time resting spent in this place.
 E = Time spent auto-exploring this place.
 F = Levels seen in this place.
 G = Mean time per level.
                   A        B        C        D        E       F      G
               +--------+--------+--------+--------+--------+-----+--------+
         Total |    713 |    713 |      0 |    487 |     31 |   1 |  713.0 |
       Dungeon |    713 |    713 |      0 |    487 |     31 |   1 |  713.0 |
               +--------+--------+--------+--------+--------+-----+--------+

Top non-repeatable levels by time:
       D: 713 daAuts
